 Dungeon Crawl Stone Soup version 0.30.1-4-g462c640d31 (webtiles) character file.

Game seed: 16289236904509894567

91 spardeous the Conjurer (level 4, 33/33 HPs)
             Began as a Demigod Conjurer on Aug 16, 2023.
             Got out of the dungeon alive.
             The game lasted 00:01:42 (2640 turns).

spardeous the Conjurer (Demigod Conjurer)           Turns: 2640, Time: 00:01:42

Health: 33/33      AC:  5    Str: 12    XL:     4   Next: 12%
Magic:  11/11      EV: 10    Int: 20    God:
Gold:   124        SH:  0    Dex: 12    Spells: 8/9 levels left

rFire   . . .        l - +2 short sword (flame)
rCold   . . .        (no shield)
rNeg    . . .        i - +0 ring mail
rPois   .            d - +0 hat
rElec   .            (no cloak)
rCorr   .            (no gloves)
SInv    .            (no boots)
Will    .....        (no amulet)
Stlth   +            (no ring)
HPRegen 0.25/turn    (no ring)
MPRegen 0.12/turn

%: no passive effects
@: no status effects
A: high MP 1, forlorn, divine attributes
a: no special abilities


You escaped.
You visited 1 branch of the dungeon, and saw 3 of its levels.

You collected 124 gold pieces.

Inventory:

Hand Weapons
 l - a +2 short sword of flaming (weapon)
Armour
 a - a +0 robe
 d - a +0 hat (worn)
 i - a +0 ring mail (worn)
Jewellery
 p - a +4 ring of protection
Wands
 n - a wand of paralysis (10)
Scrolls
 e - 2 scrolls of immolation {unknown}
 f - a scroll of silence {unknown}
 j - a scroll of poison {unknown}
 k - a scroll of blinking {unknown}
 m - a scroll of identify {unknown}
 q - a scroll of teleportation {unknown}
Potions
 b - a potion of magic
 c - 2 potions of curing {unknown}
 g - a potion of mutation {unknown}
 h - a potion of lignification {unknown}
 o - a potion of attraction {unknown}
 r - a potion of haste {unknown}


   Skills:
 - Level 1.7 Dodging
 - Level 1.7 Stealth
 + Level 3.0 Spellcasting
 + Level 4.5 Conjurations


You had 8 spell levels left.
You knew the following spells:

 Your Spells              Type           Power      Damage    Failure   Level
a - Magic Dart            Conj           84%        1d7       4%          1

Your spell library contained the following spells:

 Spells                   Type           Power      Damage    Failure   Level
 Searing Ray              Conj           42%        2d6       8%          2
 Necrotise                Necr           12%        1d4       32%         1
 Dazzling Flash           Conj/Hex       24%        N/A       36%         3
 Vampiric Draining        Necr           3%         2d6       67%         3
 Fulminant Prism          Conj/Hex       6%         3d7       77%         4
 Iskenderun's Mystic Bla  Conj/Tloc      12%        2d5       77%         4
 Agony                    Necr           3%         N/A       100%        5


Dungeon Overview and Level Annotations

Branches:
Dungeon (3/15)


Innate Abilities, Weirdness & Mutations

You have an increased reservoir of magic. (+10% MP)
You shall have no god before yourself.
Your divine heritage dramatically boosts your attributes as you level up.


Message History

Aiming: Magic Dart (safe; 4% risk of failure)
Press: ? - help, Shift-Dir - straight line, f/p - adder
Aim: an adder (severely wounded, 100% to hit)
You miscast Magic Dart.
You are very lightly contaminated with residual magic.
Nothing appears to happen.
You now have 8/11 mp.
An adder is nearby!
Casting: Magic Dart (safe; 4% risk of failure)
Confirm with . or Enter, or press ? or * to list all spells.
Aiming: Magic Dart (safe; 4% risk of failure)
Press: ? - help, Shift-Dir - straight line, f/p - adder
Aim: an adder (severely wounded, 100% to hit)
The magic dart hits the adder.
You kill the adder!
Your Spellcasting skill increases to level 3!
You now have 7/11 mp.
You climb upwards.
There is a stone staircase leading down here.
(D) Dungeon
Where to? (Enter - D:3, ? - help)
Your magical contamination has completely faded away.
There is a stone staircase leading up here.
You climb upwards.
There is a stone staircase leading down here.
You regained 2 mp, and now have 9/11 mp.
(D) Dungeon
Where to? (Enter - D:1, ? - help)
Okay, then.
Things that are here:
5 stones; a +0 dagger Magic restored.
There is an open door here.
There is an open door here.
You see here a +0 dagger.
There is an open door here.
There is a staircase leading out of the dungeon here.
MP restored: 11 Are you sure you want to leave the Dungeon?
This will make you lose the game!
You have escaped!

..##....########.########....####
####...## ###.......### ##...# ##
# #..## ##...........## ##..###.
#..# ##....#####....## #..#...
#..# #...#########...# #..#.#.
#.####..##.......##..####.#...
#.# #...#..##'##).#...# #.#.#.
#.# #..##.##...##.##..# #.###.
#.# #..##.##.@.##.##..# #.###.
#.# #..##.##...##.##..# #.#...
#.# #...#..#####..#...# #.#.#.
#.####..##.......##..####.#.#.
#..# #...####.####...# #..#.#.
##..# ##....##'##...)## #..#.#.
#...## ##...........## ##..#...
###....## ###.......### ##...###.
.##.....#################....# #.


There were no monsters in sight!

Vanquished Creatures
  A gnoll (D:1)
  3 adders
  A worm (D:2)
  2 endoplasms (D:2)
  A giant cockroach (D:1)
  6 goblins
  6 hobgoblins
  4 jackals (D:1)
  A quokka (D:1)
  A ball python (D:2)
  3 bats (D:2)
  10 frilled lizards
  9 kobolds
  5 rats
53 creatures vanquished.

Notes
Turn   | Place    | Note
-------+----------+-------------------------------------------
     0 | D:1      | spardeous the Demigod Conjurer began the quest for the Orb.
     0 | D:1      | Reached XP level 1. HP: 14/14 MP: 5/5
   575 | D:1      | Reached XP level 2. HP: 9/20 MP: 0/7
   807 | D:1      | Reached skill level 4 in Conjurations
  1358 | D:2      | Reached XP level 3. HP: 26/26 MP: 7/9
  2431 | D:2      | Reached XP level 4. HP: 33/33 MP: 6/11
  2640 | D:$      | Got out of the dungeon alive.

Illustrated notes

Levels and vault maps discovered:
D:1:      dpeg_arrival_concentric_ovals, layout_basic, serial_glass,
          glass_columns_b, glass_columns_a, corexii_leaking_fountain
D:2:      layout_loops_ring, minmay_lizard_king
D:3:      layout_loops_ring, nicolae_tso_swordbearing_angel, uniq_natasha,
          uniq_jessica, uniq_terence

Skill      XL: |  1  2  3  4 |
---------------+-------------+-----
Spellcasting   | 2 3 |  3.0
Conjurations   | 4 |  4.5
Dodging        | |  1.7
Stealth        | |  1.7

Action                     |  1- 3 |  4- 6 || total
---------------------------+-------+-------++-------
  Melee: Short sword       |     5 |       ||     5
   Cast: Magic Dart        |    99 |     5 ||   104
 Armour: Robe              |    12 |       ||    12
         Ring mail         |     6 |       ||     6
  Dodge: Dodged            |    55 |       ||    55
